 Dungeon Crawl Stone Soup version 0.30-a0-389-g8d7d949f56 (webtiles) character file.

Game seed: 2221258829914810258

2650 Anamonty the Scholar of Death (level 9, 0/68 HPs)
             Began as a Demonspawn Necromancer on Dec 3, 2022.
             Was a Follower of Kikubaaqudgha.
             Slain by a gnoll
             ... wielding a +0 halberd
             ... led by a gnoll bouda
              (4 damage)
             ... on level 8 of the Dungeon on Jan 31, 2023.
             The game lasted 00:13:35 (7395 turns).

Anamonty the Scholar of Death (DsNe)                Turns: 7395, Time: 00:13:36

Health: 0/68       AC:  6    Str: 11    XL:     9   Next: 36%
Magic:  16/26      EV:  9    Int: 18    God:    Kikubaaqudgha [*.....]
Gold:   431        SH:  0    Dex: 14    Spells: 11/19 levels left

rFire   . . .      SeeInvis +    x - +2 falchion (venom)
rCold   . . .      Faith    .    (no shield)
rNeg    . . .      Spirit   .    a - +0 robe
rPois   .          Reflect  .    g - +2 hat
rElec   .          Harm     .    i - +1 cloak
rCorr   .          Rampage  .    (no gloves)
Will    .....                    (no boots)
Stlth   +++.......               d - amulet of Ufuut {RegenMP MP+9 Stlth+}
HPRegen 0.31/turn                H - ring of see invisible
MPRegen 0.60/turn                (no ring)

@: held, studying Short Blades
A: claws 1, repulsion field 1, ignite blood 1, spiny 1
a: Renounce Religion, Unearth Wretches


You were on level 8 of the Dungeon.
You worshipped Kikubaaqudgha.
Kikubaaqudgha was aware of your devotion.
You visited 2 branches of the dungeon, and saw 9 of its levels.

You collected 431 gold pieces.

Inventory:

Hand Weapons
 x - a +2 falchion of venom (weapon)
Missiles
 n - 2 throwing nets
Armour
 a - a +0 robe (worn)
 g - a +2 hat (worn)
 i - a +1 cloak (worn)
Jewellery
 d - the amulet of Ufuut (around neck) {RegenMP MP+9 Stlth+}
   (You acquired it on level 6 of the Dungeon)

   [amulet of magic regeneration]

   It increases your rate of magic regeneration.
   MP:        It affects your magic capacity (+9).
   Stlth:     It makes you more stealthy.
 h - an amulet of magic regeneration
 t - an amulet of regeneration
 y - an amulet of reflection
 H - a ring of see invisible (left claw)
Wands
 l - a wand of iceblast (19)
 u - a wand of paralysis (9)
Scrolls
 c - a scroll of fear
 e - 3 scrolls of enchant armour
 j - 2 scrolls of teleportation {unknown}
 k - 2 scrolls of identify
 m - 3 scrolls of enchant weapon
 o - a scroll of amnesia {unknown}
 p - 2 scrolls of brand weapon {unknown}
 s - a scroll of fog {unknown}
 v - a scroll of blinking {unknown}
 w - a scroll of poison {unknown}
 z - a scroll of noise {unknown}
 B - 2 scrolls of vulnerability
 C - a scroll of silence {unknown}
 F - a scroll of immolation {unknown}
Potions
 b - 2 potions of magic
 f - a potion of attraction {unknown}
 q - 3 potions of mutation
 r - 2 potions of flight {unknown}
 A - a potion of curing {unknown}
 D - a potion of ambrosia
 E - a potion of resistance {unknown}
 G - a potion of might {unknown}


   Skills:
 + Level 5.5 Fighting
 + Level 5.4 Dodging
 - Level 1.8 Stealth
 + Level 5.6 Spellcasting
 * Level 9.9 Necromancy


You had 11 spell levels left.
You knew the following spells:

 Your Spells              Type           Power      Damage    Failure   Level
a - Necrotise             Necr           100%       1d9       1%          1
b - Vampiric Draining     Necr           40%        2d8       1%          3
c - Animate Dead          Necr           40%        N/A       1%          4

Your spell library contained the following spells:

 Spells                   Type           Power      Damage    Failure   Level
 Sublimation of Blood     Necr           40%        N/A       1%          2
 Agony                    Necr           40%        N/A       6%          5
 Blink                    Tloc           10%        N/A       19%         2
 Portal Projectile        Hex/Tloc       10%        N/A       36%         3
 Tukima's Dance           Hex            5%         N/A       36%         3
 Manifold Assault         Tloc           5%         N/A       77%         4
 Blade Hands              Tmut           2%         N/A       98%         5
 Storm Form               Tmut/Air       2%         N/A       100%        7
 Disjunction              Tloc           2%         N/A       100%        8


Dungeon Overview and Level Annotations

Branches:
Dungeon (8/15)             Temple (1/1) D:4
   Lair: D:8-11

Altars:
Cheibriados
Fedhas
Gozag
Hepliaklqana
Kikubaaqudgha
Nemelex Xobeh
Okawaru
Ru
Sif Muna
Trog
Uskayaw
Xom
Lugonu

Shops:
D:8 =

Annotations:
D:3 Grinder
D:7 2 transporters, wpisznazwe's ghost, novice HOFi


Innate Abilities, Weirdness & Mutations

You have sharp fingernails.
You are surrounded by a mild repulsion field. (EV +2)
Your demonic aura sometimes causes spilled blood to erupt in flames.
You are partially covered in sharp spines.


Message History

Unknown command.
Casting: Vampiric Draining (safe; 1% risk of failure)
Confirm with . or Enter, or press ? or * to list all spells.
Aiming: Vampiric Draining (safe; 1% risk of failure)
Press: ? - help, Shift-Dir - straight line, f/p - gnoll bouda
Aim: a gnoll bouda, wielding a +0 club and wearing a +0 leather armour (almost dead)
You draw life force from the gnoll bouda!
You kill the gnoll bouda!
Kikubaaqudgha accepts your kill.
Your attacks no longer feel as feeble.
The gnoll barely misses you. The gnoll is struck by your spines.
You kill the gnoll!
Kikubaaqudgha accepts your kill. The gnoll is struck by your spines.
The gnoll closely misses you.
Unknown command.
Casting: Vampiric Draining (safe; 1% risk of failure)
Confirm with . or Enter, or press ? or * to list all spells.
Aiming: Vampiric Draining (safe; 1% risk of failure)
Press: ? - help, Shift-Dir - straight line, f - gnoll
Aim: a gnoll, wielding a +0 whip (severely wounded, covering ground quickly)
You draw life force from the gnoll!
You kill the gnoll!
Kikubaaqudgha accepts your kill.
You feel life coursing into your body. The gnoll completely misses you.
Casting: Vampiric Draining (safe; 1% risk of failure)
Confirm with . or Enter, or press ? or * to list all spells.
Aiming: Necrotise (safe; 1% risk of failure)
Press: ? - help, Shift-Dir - straight line, f - gnoll
Aim: a gnoll, wielding a +0 halberd (covering ground quickly, chance to affect: 88%)
The gnoll writhes in agony.
The gnoll barely misses you.
Unknown command.
Casting: Necrotise (safe; 1% risk of failure)
Confirm with . or Enter, or press ? or * to list all spells.
Aiming: Necrotise (safe; 1% risk of failure)
Press: ? - help, Shift-Dir - straight line, f/p - gnoll
Aim: a gnoll, wielding a +0 halberd (lightly wounded, covering ground quickly, chance to affect: 88%)
The gnoll writhes in agony.
The gnoll hits you from afar with a +0 halberd.
You die...
Kikubaaqudgha rasps: "You have failed me!
Welcome... death!"

.#.###.# #.#
............###### ...#
#.##...................#
..##
#.##.............##.##.#
..#
+................##.#
..#
####.............#####.#
..# .................#
#.# ..#
.......g.........# #.#
.## ......)).........#
#.# # ......)@#####...##
#.# ## .....[........#.#
#.# .# ##########.##.#.#
.## #..##.#.# ..#
#.###....
#.################.#
#.#.#
#..................# #.#
#................###
#...............##


You could see a gnoll (swift).

Vanquished Creatures
  Edmund (D:6)
  A water moccasin (D:8)
  A sky beast (D:6)
  Duvessa (D:7)
  A black bear (D:7)
  2 ice beasts
  2 ogres
  An orc warrior (D:7)
  4 centaurs
  2 phantoms
  2 bullfrogs (D:8)
  2 scorpions
  Dowan (D:7)
  A jelly (D:5)
  3 howler monkeys
  2 hounds
  An orc priest (D:8)
  A gnoll bouda (D:8)
  5 iguanas
  3 orc wizards
  16 gnolls
  7 adders
  2 white imps
  An ufetubus (D:6)
  A worm (D:2)
  5 dart slugs
  17 orcs
  6 ball pythons
  3 endoplasms
  3 goblins
  8 hobgoblins
  6 jackals
  A kobold (D:4)
  3 quokkas
  A ball python zombie (D:4)
  4 bats
  3 frilled lizards
  3 orc zombies
  5 rats
132 creatures vanquished.

Vanquished Creatures (collateral kills)
  An orc warrior (D:6)
  An iguana (D:5)
  An orc (D:4)
  A goblin (D:1)
  A rat (D:1)
5 creatures vanquished.

Vanquished Creatures (others)
  2 gnoll zombies (D:7)
  2 orc zombies
  2 quokka zombies
  15 fungi
21 creatures vanquished.

Grand Total: 158 creatures vanquished

Notes
Turn   | Place    | Note
-------+----------+-------------------------------------------
     0 | D:1      | Anamonty the Demonspawn Necromancer began the quest for the
                  | Orb.
     0 | D:1      | Reached XP level 1. HP: 13/13 MP: 3/3
   247 | D:1      | Gained mutation: You are partially covered in sharp spines.
                  | [demonic ancestry]
   247 | D:1      | Reached XP level 2. HP: 20/20 MP: 3/5
   622 | D:1      | Reached XP level 3. HP: 25/25 MP: 4/6
   680 | D:1      | Reached skill level 1 in Fighting
   766 | D:1      | Found Egre's General Store.
   966 | D:2      | Reached skill level 5 in Necromancy
   970 | D:2      | Learned a level 3 spell: Vampiric Draining
  1357 | D:2      | Gained mutation: Your demonic aura sometimes causes spilled
                  | blood to erupt in flames. [demonic ancestry]
  1357 | D:2      | Reached XP level 4. HP: 32/32 MP: 4/7
  1727 | D:2      | Learned a level 4 spell: Animate Dead
  2102 | D:3      | Found a sacrificial altar of Ru.
  2184 | D:3      | Found an opulent altar of Gozag.
  2195 | D:3      | Noticed a scorpion
  2228 | D:3      | Killed a scorpion
  2229 | D:3      | Reached XP level 5. HP: 36/38 MP: 0/9
  2435 | D:3      | Found a hazy altar of Hepliaklqana.
  2766 | D:3      | Found a blossoming altar of Fedhas.
  2766 | D:3      | Noticed Grinder
  2982 | D:4      | Found a staircase to the Ecumenical Temple.
  3075 | D:4      | Noticed a phantom
  3088 | D:4      | Killed a phantom
  3089 | D:4      | Reached skill level 6 in Necromancy
  3089 | D:4      | Reached XP level 6. HP: 40/46 MP: 10/10
  3218 | D:4      | Got Qela's Collected Works on Transposition
  3647 | D:5      | Entered Level 5 of the Dungeon
  3749 | D:5      | Gained mutation: You have sharp fingernails. [demonic
                  | ancestry]
  3749 | D:5      | Reached XP level 7. HP: 21/51 MP: 3/12
  3751 | D:5      | Found a hide-covered altar of Uskayaw.
  3815 | D:5      | Reached skill level 7 in Necromancy
  4377 | D:6      | Gained mutation: You are surrounded by a mild repulsion
                  | field. (EV +2) [demonic ancestry]
  4377 | D:6      | Reached XP level 8. HP: 35/60 MP: 8/14
  4467 | D:6      | Found an iron altar of Okawaru.
  4473 | D:6      | Identified a scroll of acquirement
  4475 | D:6      | Acquired the amulet of Ufuut {RegenMP MP+9 Stlth+}
  4537 | D:6      | Reached skill level 8 in Necromancy
  4608 | D:6      | Noticed Edmund
  4631 | D:6      | Killed Edmund
  5094 | D:6      | Found a sparkling altar of Nemelex Xobeh.
  5929 | Temple   | Entered the Ecumenical Temple
  5945 | Temple   | Became a worshipper of Kikubaaqudgha
  6071 | D:7      | Reached skill level 5 in Spellcasting
  6162 | D:7      | Noticed Duvessa
  6163 | D:7      | Noticed Dowan
  6174 | D:7      | Killed Duvessa
  6175 | D:7      | Reached skill level 9 in Necromancy
  6176 | D:7      | Killed Dowan
  6304 | D:7      | Reached skill level 5 in Dodging
  6390 | D:7      | Reached skill level 5 in Fighting
  6390 | D:7      | Reached XP level 9. HP: 65/68 MP: 16/16
  6444 | D:7      | Noticed wpisznazwe's ghost (novice HOFi)
  6453 | D:7      | Noticed a two-headed ogre
  6457 | D:7      | Found a transporter.
  6469 | D:7      | Found a transporter.
  7102 | D:8      | Found Vyto's Jewellery Boutique.
  7238 | D:8      | Reached * piety under Kikubaaqudgha
  7238 | D:8      | Received a gift from Kikubaaqudgha
  7391 | D:8      | HP: 2/68 [gnoll/+0 whip[a gnoll bouda] (4)]
  7395 | D:8      | Slain by a gnoll

Illustrated notes

Levels and vault maps discovered:
D:1:      dpeg_arrival_castle, layout_loops_ring, serial_shops, shop,
          corexii_item_surrounded_by_moat
D:2:      layout_basic
D:3:      layout_basic, riverfiend_overflow_shadow_ancestor, fedhas_altar_3,
          mainiacjoe_overflow_surrounded_room,
          mainiacjoe_overflow_cross_hatched, uniq_grinder
D:4:      layout_loops_cross, minmay_temple_entry_mist, serial_aquarium,
          aquarium_bridge_long_separate [aquarium_subvault_bridge,
          aquarium_subvault_bridge, aquarium_subvault_bridge,
          aquarium_subvault_bridge, aquarium_subvault_bridge,
          aquarium_subvault_balcony], aquarium_bridge_island_small
          [aquarium_subvault_small_water, aquarium_subvault_wall,
          aquarium_subvault_wall, aquarium_subvault_balcony,
          aquarium_subvault_bridge], aquarium_window_fake, aquarium_window_1,
          aquarium_window_fake, aquarium_view_2c, aquarium_view_2d,
          aquarium_balcony_1b, aquarium_pool_2
D:5:      layout_gridville, mainiacjoe_overflow_tiny_flanked
D:6:      layout_layer_cave, mainiacjoe_overflow_catwalk, marbit_many_paths,
          nicolae_hexahallways, uniq_edmund
D:7:      layout_loops_corners, gammafunk_ghost_arena, nrook_mini_vaults,
          uniq_duvessa
D:8:      layout_basic, lemuel_coloured_pillars_altar, serial_shops,
          nicolae_shop_stone, minmay_joined_circles
Temple:   corrupted_temple

Skill      XL: |  1  2  3  4  5  6  7  8 |
---------------+-------------------------+-----
Dodging        | 2 3 4 5 |  5.4
Fighting       | 1 2 3 5 |  5.5
Necromancy     | 5 6 7 9 |  9.9
Spellcasting   | 3 4 5 |  5.6
Stealth        | |  1.8

Action                   |  1- 3 |  4- 6 |  7- 9 || total
-------------------------+-------+-------+-------++-------
Melee: Unarmed           |     2 |       |       ||     2
       Club              |    11 |       |       ||    11
       Dagger            |    27 |    49 |       ||    76
       Falchion          |       |    36 |   160 ||   196
       Punch             |       |     1 |       ||     1
 Cast: Necrotise         |    29 |    31 |     3 ||    63
       Animate Dead      |       |     4 |     3 ||     7
       Vampiric Draining |       |     2 |    14 ||    16
  Use: Scroll            |       |     1 |     7 ||     8
       Potion            |       |     1 |       ||     1
 Stab: Sleeping          |     2 |     4 |     7 ||    13
       Distracted        |       |       |     2 ||     2
Armor: Robe              |    12 |    37 |    42 ||    91
Dodge: Dodged            |    18 |    62 |   155 ||   235

Table legend: (Time is in decaauts)
 A = Elapsed time spent in this place.
 B = Non-inter-level travel time spent in this place.
 C = Inter-level travel time spent in this place.
 D = Time resting spent in this place.
 E = Time spent auto-exploring this place.
 F = Levels seen in this place.
 G = Mean time per level.
                   A        B        C        D        E       F      G
               +--------+--------+--------+--------+--------+-----+--------+
         Total |   7469 |   7141 |    328 |      0 |   5894 |   9 |  829.9 |
       Dungeon |   7438 |   7124 |    314 |      0 |   5889 |   8 |  929.8 |
        Temple |     30 |     16 |     14 |      0 |      5 |   1 |   30.0 |
               +--------+--------+--------+--------+--------+-----+--------+

Top non-repeatable levels by time:
     D:6: 1640 daAuts
     D:2: 1222 daAuts
     D:7: 1084 daAuts
     D:4: 879 daAuts
     D:1: 848 daAuts
     D:3: 755 daAuts
     D:5: 705 daAuts
     D:8: 302 daAuts
  Temple: 30 daAuts
